 Dungeon Crawl Stone Soup version 0.28.0 (webtiles) character file.

Game seed: 17253747476090077729

102 HallandMoats the Ruffian (level 4, -2/40 HPs)
             Began as a Ghoul Monk on Feb 12, 2022.
             Was a Priest of Qazlal.
             Killed from afar by an orc wizard (9 damage)
             ... with a magic dart
             ... on level 3 of the Dungeon.
             The game lasted 00:02:07 (1638 turns).

HallandMoats the Ruffian (Ghoul Monk)               Turns: 1638, Time: 00:02:07

Health: -2/40      AC:  5    Str: 16    XL:     4   Next: 77%
Magic:  4/4        EV: 11    Int:  5    God:    Qazlal [***...]
Gold:   62         SH:  4    Dex: 11    Spells: 3/3 levels left

rFire   . . .      SeeInvis .     - Unarmed
rCold   + + .      Faith    .   (no shield)
rNeg    + + +      Spirit   .   b - +0 ring mail
rPois   ∞          Reflect  .   (no helmet)
rElec   .          Harm     .   (no cloak)
rCorr   .          Rampage  .   (no gloves)
Will    .....                   (no boots)
Stlth   +.........              (no amulet)
HPRegen 0.00/turn               c - ring of protection from cold
MPRegen 0.09/turn               (no ring)

@: inhibited regen
A: claws 1, cold resistance 1, negative energy resistance 3, inhibited
regeneration, torment resistance 2
a: Renounce Religion, Upheaval, Elemental Force


You were on level 3 of the Dungeon.
You worshipped Qazlal.
Qazlal was most pleased with you.
You visited 1 branch of the dungeon, and saw 3 of its levels.

You collected 62 gold pieces.

Inventory:

Armour
 b - a +0 ring mail (worn)
Jewellery
 c - a ring of protection from cold (left claw)
Wands
 i - a wand of flame (18)
Scrolls
 a - a scroll of magic mapping {unknown}
 f - a scroll of identify {unknown}
Potions
 d - a potion of attraction {unknown}
 e - a potion of heal wounds {unknown}
 g - a potion of might {unknown}
 h - 2 potions of berserk rage {unknown}


   Skills:
 * Level 4.1 Fighting
 + Level 1.1 Armour
 + Level 3.1 Dodging
 - Level 2.1 Stealth
 * Level 4.2 Unarmed Combat
 + Level 1.4 Invocations


You had 3 spell levels left.
You didn't know any spells.
Your spell library contained the following spells:

 Spells                   Type           Power      Damage    Failure   Level
 Sandblast                Erth           0%         2d4       71%         1
 Slow                     Hex            0%         N/A       71%         1
 Passwall                 Tmut/Erth      0%         N/A       83%         2
 Confusing Touch          Hex            0%         N/A       97%         3
 Gell's Gravitas          Tloc           0%         N/A       97%         3
 Ozocubu's Armour         Ice            0%         N/A       97%         3
 Stone Arrow              Conj/Erth      0%         3d7       97%         3
 Teleport Other           Tloc           0%         N/A       97%         3
 Vampiric Draining        Necr           0%         2d6       97%         3
 Yara's Violent Unravell  Hex/Tmut       0%         3d3       100%        5
 Dispersal                Tloc           0%         N/A       100%        6
 Enfeeble                 Hex            0%         N/A       100%        7
 Ozocubu's Refrigeration  Ice            0%         4d5       100%        7


Dungeon Overview and Level Annotations

Branches:
Dungeon (3/15)

Altars:
Dithmenos
Fedhas
Hepliaklqana
Makhleb
Qazlal
The Shining One


Innate Abilities, Weirdness & Mutations

You thrive by killing the living.
You are immune to poison.
You have sharp fingernails.
Your flesh is cold resistant. (rC+)
You are immune to negative energy. (rN+++)
You do not regenerate when monsters are visible.
You are immune to unholy pain and torment.


Message History

You are more confused.
You bump into the rock wall.
You bump into the rock wall.
You bump into the rock wall.
You hear some strange, mumbled words.
You are more confused.
You barely miss something.
You hear some strange, mumbled words.
A puff of flame appears from out of thin air!
The puff of flame hits you!
You bump into the rock wall.
Something hits you.
You bump into the rock wall.
Something hits you but does no damage.
You bump into the rock wall.
Something hits you.
You bump into the rock wall.
Something hits you but does no damage.
You bump into the rock wall.
You hear some strange, mumbled words.
You are more confused.
You bump into the rock wall.
Something hits you but does no damage.
You bump into the rock wall.
Something hits you.
You bump into the rock wall.
An orc wizard appears from thin air!
Reactivating autopickup.
The orc wizard hits you with a +0 dagger.
You bump into the rock wall.
The orc wizard mumbles some strange words.
The orc wizard flickers and vanishes!
Deactivating autopickup; reactivate with Ctrl-A.
You completely miss something. Something hits you.
* * * LOW HITPOINT WARNING * * *
You barely miss something. Something hits you but does no damage.
You bump into the rock wall.
Something hits you.
* * * LOW HITPOINT WARNING * * *
You barely miss something.
You feel less confused. Something hits you.
* * * LOW HITPOINT WARNING * * *
You claw something!
You hear some strange, mumbled words.
A magic dart appears from out of thin air!
The magic dart hits you!
You die...

..# #.# #.# ..#
#.## #.#
.>########..## #.#
...(.....#)#.###.#
.#######..###..#.#
.#######...#.#.#.#
..........#.##.#>#
.#######.##.##.#.#
#.##.##.#@#
#.##.##.#{#
#.##.##.#.#
#.##.##.#.# ##
..##.##.#.#
.......##{.(#
.##.# #)### ...#
#.# #..# #.#


There were no monsters in sight!

Vanquished Creatures
  Jessica (D:3)
  An adder (D:3)
  2 dart slugs (D:2)
  6 orcs (D:3)
  4 endoplasms
  A giant cockroach (D:2)
  2 goblins (D:1)
  6 hobgoblins
  4 jackals (D:2)
  7 kobolds
  4 quokkas
  5 ball pythons
  3 bats
  3 frilled lizards
  5 rats
54 creatures vanquished.

Notes
Turn   | Place    | Note
-------+----------+-------------------------------------------
     0 | D:1      | HallandMoats the Ghoul Monk began the quest for the Orb.
     0 | D:1      | Reached XP level 1. HP: 19/19 MP: 0/0
    31 | D:1      | You fall into a shaft and drop 1 floor!
   370 | D:2      | Reached XP level 2. HP: 26/26 MP: 1/1
   393 | D:1      | Found a faded altar of an unknown god.
   397 | D:1      | Prayed at the altar of an unknown god.
   397 | D:1      | Became a worshipper of Qazlal Stormbringer
   397 | D:1      | Reached * piety under Qazlal
   397 | D:1      | Reached ** piety under Qazlal
   462 | D:1      | Reached *** piety under Qazlal
   634 | D:1      | Reached XP level 3. HP: 30/31 MP: 2/2
   801 | D:2      | Reached skill level 1 in Invocations
   908 | D:2      | Found a shadowy altar of Dithmenos.
  1293 | D:3      | Found a burning altar of Makhleb.
  1295 | D:3      | Found a hazy altar of Hepliaklqana.
  1296 | D:3      | Found a blossoming altar of Fedhas.
  1346 | D:3      | Noticed Jessica
  1350 | D:3      | Killed Jessica
  1351 | D:3      | Reached skill level 1 in Armour
  1351 | D:3      | Reached XP level 4. HP: 40/40 MP: 3/3
  1638 | D:3      | Killed from afar by an orc wizard

Illustrated notes

Levels and vault maps discovered:
D:1:      saegor_arrival_simple_a, layout_rooms, ebering_ecumenical_altar_hall
D:2:      layout_basic, basic_altar
D:3:      kennysheep_the_goblin_king, layout_loops_ring, minitemple,
          serial_shops, nicolae_shop_behind_doors, minmay_cupped, uniq_ijyb,
          uniq_jessica

Skill      XL: |  1  2  3 |
---------------+----------+-----
Invocations    | 1 |  1.4
Fighting       | 4 |  4.1
Armour         | 1 |  1.1
Dodging        | 3 |  3.1
Unarmed Combat | 4 |  4.2
Stealth        | |  2.1

Action                   |  1- 3 |  4- 6 || total
-------------------------+-------+-------++-------
Melee: Unarmed           |   143 |    46 ||   189
       Punch             |     1 |       ||     1
 Stab: Sleeping          |     1 |       ||     1
Armor: Robe              |     7 |       ||     7
       Ring mail         |    29 |    32 ||    61
Dodge: Dodged            |    74 |    30 ||   104
Block: Other             |    12 |    13 ||    25
